 Dungeon Crawl Stone Soup version 0.24-a0-736-g4e6fe308c7 (webtiles) character file.

Game seed: 15073746148971923208, levelgen mode: deterministic

126 Kohma the Conjurer (level 4, -1/54 HPs)
             Began as a Draconian Conjurer on Oct 2, 2019.
             Was an Initiate of Vehumet.
             Slain by a gnoll
             ... wielding a cursed -2 halberd
              (5 damage)
             ... on level 3 of the Dungeon.
             The game lasted 00:06:32 (3337 turns).

Kohma the Conjurer (Draconian Conjurer)             Turns: 3337, Time: 00:06:32

Health: -1/54      AC:  5    Str: 15    XL:     4   Next: 83%
Magic:  0/8        EV: 12    Int: 17    God:    Vehumet [......]
Gold:   67         SH:  0    Dex: 16    Spells: 1/8 levels left

rFire    . . .     SeeInvis .   d - +0 whip (elec)
rCold    . . .     Gourm    .   (no shield)
rNeg     . . .     Faith    .   (armour unavailable)
rPois    .         Spirit   .   (helmet restricted)
rElec    .         Reflect  .   e - scarf {repulsion}
rCorr    .         Harm     .   (no gloves)
MR       .....                  (no boots)
Stlth    ..........             (no amulet)
HPRegen  0.18/turn              l - +5 ring of dexterity
MPRegen  0.11/turn              (no ring)

@: berserking, repel missiles, very quick
A: unfitting armour, cold-blooded, AC +5
a: Renounce Religion


You were on level 3 of the Dungeon.
You worshipped Vehumet.
Vehumet was noncommittal.
You were not hungry.

You visited 1 branch of the dungeon, and saw 3 of its levels.

You collected 67 gold pieces.

Inventory:

Hand Weapons
 d - a +0 whip of electrocution (weapon)
 m - a +0 dagger
 s - a cursed +0 whip
Missiles
 g - 61 stones (quivered)
 h - 17 arrows
 i - 26 poisoned darts
 q - 20 sling bullets
Armour
 e - a scarf of repulsion (worn)
Jewellery
 l - a +5 ring of dexterity (left hand)
Scrolls
 a - 3 scrolls of identify {unknown}
 f - 2 scrolls of remove curse {unknown}
 k - a scroll of fear {unknown}
 n - a scroll of blinking {unknown}
 o - a scroll of teleportation {unknown}
 p - 3 scrolls of noise {unknown}
 r - a scroll of enchant weapon {unknown}
 t - a scroll of random uselessness {unknown}
Potions
 c - a potion of berserk rage
 j - a potion of brilliance {unknown}
 u - a potion of haste {unknown}
Comestibles
 b - 6 rations
 v - a chunk of flesh


   Skills:
 + Level 2.2 Fighting
 - Level 1.7 Dodging
 - Level 1.7 Stealth
 + Level 2.8 Spellcasting
 * Level 5.2 Conjurations


You had one spell level left.
You knew the following spells:

 Your Spells              Type           Power        Failure   Level  Hunger
a - Magic Dart            Conj           ###.         1%          1    #......
b - Searing Ray           Conj           ###...       3%          2    ##.....
c - Iskenderun's Mystic   Conj           ###.....     21%         4    #####..

Your spell library contained the following spells:

 Spells                   Type           Power        Failure   Level  Hunger
 Dazzling Spray           Conj/Hex       ##....       19%         3    ###....
 Force Lance              Conj/Tloc      ##......     52%         4    #####..
 Fulminant Prism          Conj/Hex       ##........   52%         4    #####..


Dungeon Overview and Level Annotations

Branches:
Dungeon (3/15)

Altars:
Trog
Vehumet


Innate Abilities, Weirdness & Mutations

Your plain brown scales are hard. (AC +5)
You cannot fit into any form of body armour.
You are cold-blooded and may be slowed by cold attacks.


Message History

The gnoll hits you but does no damage.
Things that are here:
a +0 flail; a gnoll corpse You barely miss the gnoll.
You tail-slap the gnoll, but do no damage.
Your magical contamination has completely faded away.
You barely miss the gnoll.
The gnoll hits you with a cursed -2 halberd!
You closely miss the gnoll.
The gnoll hits you with a cursed -2 halberd!
* * * LOW HITPOINT WARNING * * *
Okay, then.
It was a potion of berserk rage.
A red film seems to cover your vision as you go berserk!
You feel yourself moving faster!
You feel mighty! The gnoll completely misses you.
You hit the gnoll but do no damage. You tail-slap the gnoll.
The gnoll is lightly wounded.
The gnoll hits you with a cursed -2 halberd.
You die...

.. #........
.#.#g#...# .>.
....g.g.# #.#
.#.#g##.# #.#
#g# #.# #g#
#.# #.# #.#
#..####.####<#
.........g@..#
##############


You could see a gnoll.

Vanquished Creatures
  2 adders (D:2)
  3 gnolls (D:3)
  4 worms (D:2)
  A dart slug (D:2)
  2 leopard geckos (D:2)
  4 giant cockroaches
  6 goblins
  10 hobgoblins
  4 jackals (D:2)
  A quokka (D:2)
  A ball python (D:2)
  5 bats
  3 frilled lizards
  8 kobolds
  8 rats
62 creatures vanquished.

Notes
Turn   | Place    | Note
-------+----------+-------------------------------------------
     0 | D:1      | Kohma the Draconian Conjurer began the quest for the Orb.
     0 | D:1      | Reached XP level 1. HP: 14/14 MP: 3/3
   288 | D:1      | Reached XP level 2. HP: 22/22 MP: 1/5
   356 | D:1      | Learned a level 2 spell: Searing Ray
   486 | D:1      | Reached skill level 1 in Fighting
  1144 | D:1      | Reached XP level 3. HP: 28/28 MP: 4/6
  1391 | D:2      | Found a faded altar of an unknown god.
  2378 | D:2      | Reached XP level 4. HP: 36/36 MP: 5/7
  2384 | D:2      | Learned a level 4 spell: Iskenderun's Mystic Blast
  2732 | D:2      | Noticed a moth of wrath
  2735 | D:2      | Found a bloodstained altar of Trog.
  2888 | D:2      | Reached skill level 5 in Conjurations
  3221 | D:2      | Found a radiant altar of Vehumet.
  3240 | D:2      | Became a worshipper of Vehumet
  3337 | D:3      | Slain by a gnoll

Levels and vault maps discovered:
D:1:      dpeg_arrival_radiant, layout_basic
D:2:      layout_basic, tgw_trog, lemuel_coloured_pillars_altar,
          chequers_ecumenical_altar_simple_redux, minmay_pentomino_pile
D:3:      layout_loops_ring, grunt_decor_clamped, uniq_ijyb

Skill      XL: |  1  2  3  4 |
---------------+-------------+-----
Fighting       | 1 2 |  2.2
Conjurations   | 5 |  5.2
Dodging        | |  1.7
Stealth        | |  1.7
Spellcasting   | |  2.8

Action                   |  1- 3 |  4- 6 || total
-------------------------+-------+-------++-------
Melee: Club              |    13 |       ||    13
       Dagger            |    40 |       ||    40
       Whip              |     7 |    10 ||    17
       Tailslap          |     3 |     2 ||     5
 Cast: Magic Dart        |    81 |    30 ||   111
       Searing Ray       |       |     2 ||     2
  Use: Potion            |       |     1 ||     1
  Eat: Chunk             |     5 |     4 ||     9
Armor: Skin              |    27 |     3 ||    30
Dodge: Dodged            |    46 |    13 ||    59
       Deflected         |     5 |       ||     5

Table legend:
 A = Non-vault XP
 B = Vault XP
 C = Vault XP percentage of total XP
 D = Non-vault monster count
 E = Vault monster count
 F = Vault count percentage of total count
                 A         B        C        D         E       F
            +---------+---------+-------+---------+---------+-------
      Total |     157 |      23 |  12.8 |      55 |       7 |  11.3
            +---------+---------+-------+---------+---------+-------
        D:1 |      42 |       0 |   0.0 |      26 |       0 |   0.0
        D:2 |      72 |      23 |  24.2 |      26 |       7 |  21.2
        D:3 |      43 |       0 |   0.0 |       3 |       0 |   0.0
            +---------+---------+-------+---------+---------+-------
